 Dungeon Crawl Stone Soup version 0.30-a0-883-g5ad918d77d (webtiles) character file.

Game seed: 6906120972419802919

249 Sanktem7 the Chopper (level 5, -2/47 HPs)
             Began as a Minotaur Fighter on Mar 17, 2023.
             Was an Initiate of Okawaru.
             Slain by a lemure (4 damage)
             ... led by Pikel
             ... on level 4 of the Dungeon.
             The game lasted 00:03:22 (3045 turns).

Sanktem7 the Chopper (Minotaur Fighter)             Turns: 3045, Time: 00:03:23

Health: -2/47      AC: 10    Str: 22    XL:     5   Next: 86%
Magic:  4/4        EV:  7    Int:  5    God:    Okawaru [......]
Gold:   144        SH:  4    Dex: 10    Spells: 4/4 levels left

rFire   . . .      SeeInvis .    a - +0 war axe {axe}
rCold   . . .      Faith    .    c - +0 buckler
rNeg    . . .      Spirit   .    E - +0 chain mail
rPois   .          Reflect  .    (helmet restricted)
rElec   .          Rampage  .    y - +0 cloak
rCorr   .                        (no gloves)
Will    .....                    (no boots) Stlth
                                 (no amulet)
HPRegen 0.27/turn                w - ring of flight
MPRegen 0.09/turn                (no ring)

@: flying
A: horns 2, retaliatory headbutt
a: Renounce Religion


You were on level 4 of the Dungeon.
You worshipped Okawaru.
Okawaru was noncommittal.
You visited 1 branch of the dungeon, and saw 4 of its levels.

You collected 144 gold pieces.


Innate Abilities, Weirdness & Mutations

You have a pair of horns on your head.
You reflexively headbutt those who attack you in melee.


   Skills:
 + Level 4.8 Fighting
 * Level 5.0 Axes
 + Level 4.7 Armour
 + Level 4.8 Shields
 + Level 0.1 Invocations


You had 4 spell levels left.
You didn't know any spells.
Your spell library contained the following spells:

 Spells                   Type           Power      Damage    Failure   Level
 Gell's Gravitas          Tloc           0%         N/A       100%        3
 Teleport Other           Tloc           0%         N/A       100%        3
 Dispersal                Tloc           0%         N/A       100%        6

Inventory:

Hand Weapons
 a - a +0 war axe (weapon) {axe}
 f - a +1 vampiric short sword {short}
   (You took it off a kobold on level 1 of the Dungeon)
 p - a +0 dagger of venom {short}
   (You took it off a kobold on level 2 of the Dungeon)
 B - a +0 antimagic dagger {short}
   (You took it off a kobold on level 3 of the Dungeon)
Missiles
 b - a throwing net {=f!fthrowing}
 j - 17 poisoned darts (quivered) {throwing}
 k - 37 stones {throwing}
Armour
 c - a +0 buckler (worn)
 y - a +0 cloak (worn)
   (You took it off Crazy Yiuf on level 2 of the Dungeon)
 E - a +0 chain mail (worn)
   (You found it on level 3 of the Dungeon)
Magical Staves
 m - a staff of poison {!astaff}
   (You found it on level 1 of the Dungeon)
Jewellery
 w - a ring of flight (left hand)
   (You found it on level 2 of the Dungeon)
 F - a ring of fire
   (You found it on level 3 of the Dungeon)
Wands
 A - a wand of flame (23)
   (You took it off a kobold on level 3 of the Dungeon)
Scrolls
 e - a scroll of fear {unknown}
 h - a scroll of poison {unknown}
 n - 5 scrolls of teleportation {unknown}
 r - a scroll of enchant armour {unknown}
 s - 2 scrolls of magic mapping {unknown}
 t - a scroll of amnesia {unknown}
 x - a scroll of vulnerability {unknown}
 z - a scroll of blinking {unknown}
 C - 2 scrolls of identify {unknown}
 D - a scroll of torment {unknown}
 G - a scroll of brand weapon {unknown}
Potions
 d - a potion of might
 g - 2 potions of degeneration {unknown}
 i - 2 potions of ambrosia {unknown}
 l - 4 potions of brilliance {unknown}
 o - 2 potions of heal wounds {unknown}
 q - a potion of magic {unknown}
 u - 2 potions of haste {unknown}
 v - a potion of curing {unknown}
 H - a potion of flight {unknown}

Dungeon Overview and Level Annotations

Branches:
Dungeon (4/15) Zot: 20891
 Temple: D:4-7

Altars:
Okawaru
Vehumet
Zin

Shops:
D:1 (

Annotations:
D:4 Pikel

####.#..5.....[######
#......# #.#.........#####
##......# #.#....55K......#
#.......#
#5##########.##.###.......###
#5# #..#.##........... #....#
#....##...#.#####. ...#.#
###5.#......#....... ....# ..
#.5K5#.##...######## .....#
## #.#@5..##...# ..5...#
#.##.####...# 5K...(.# #....#
##### .......# ######


You could see Pikel and 4 lemures.


Message History

No target in view!
No target in view!
No target in view!
No target in view!
You now have 144 gold pieces (gained 11).
s - 2 scrolls labelled MASUUMAC EVVUXUNT (gained 1) Key pressed, stopping explore.
Done exploring. 😎 HP[+6]
Your hp is fully restored (47).
Done exploring.
There is a stone staircase leading down here.
You fly downwards.
There is a stone staircase leading up here.
n - 4 scrolls labelled HUCHAUGYMEGE (gained 1) Key pressed, stopping explore.
A giant cockroach comes into view.
A giant cockroach is nearby!
A goblin comes into view. It is wielding a +0 club.
The goblin shouts!
An adder comes into view.
You block the giant cockroach's attack.
You slash the giant cockroach!
You kill the giant cockroach!
Okawaru accepts your kill.
You slash the goblin!
You kill the goblin!
Okawaru accepts your kill. The adder barely misses you.
You slash the adder!
You kill the adder!
Okawaru accepts your kill.
No target in view!
No target in view!
No target in view!
No target in view!
n - 5 scrolls labelled HUCHAUGYMEGE (gained 1) Pikel and 2 lemures come into view.
Pikel is wielding a +1 whip of flaming.
The lemure shouts! x2; You hear a shout!
A lemure comes into view.
The lemure moves out of view.
You hear a shout!
Unknown command.
There is a stone staircase leading up here.
You slash Pikel! Pikel hits you but does no damage.
A lemure comes into view.
The lemure hits you! Pikel barely misses you. 😕 HP[-7]
You take 7 damage, and now have 40/47 hp.
You closely miss Pikel.
You hit the lemure. x2; You block Pikel's attack.
The lemure hits you but does no damage. The lemure hits you. 😕 HP[-1]
You take 1 damage, and now have 39/47 hp.
You hit Pikel. Your headbutt misses Pikel. You hit the lemure. x2
Pikel hits you but does no damage. The lemure hits you but does no damage.
You slash Pikel! You slash the lemure! You closely miss the lemure.
Pikel hits you but does no damage. The lemure hits you but does no damage.
The lemure completely misses you. 😕 HP[+1]
You miss Pikel. You headbutt Pikel. You barely miss the lemure.
You hit the lemure but do no damage. You barely miss the lemure.
The lemure hits you but does no damage. Pikel hits you but does no damage.
The lemure hits you. x2; The lemure barely misses you.
Pikel hits you with a +1 whip of flaming.
Pikel burns you. The lemure hits you.
* * * LOW HITPOINT WARNING * * *
You block the lemure's attack. 😨 HP[-17]
You take 17 damage, and now have 23/47 hp.
MASSIVE DAMAGE!! (PAUSE)
You hit Pikel. You closely miss the lemure. You hit the lemure.
You closely miss the lemure. Pikel hits you but does no damage.
The lemure hits you but does no damage. The lemure hits you.
* * * LOW HITPOINT WARNING * * *
The lemure hits you.
* * * LOW HITPOINT WARNING * * *
😨 HP[-8]
You take 8 damage, and now have 15/47 hp.
You hit Pikel but do no damage. You headbutt Pikel, but do no damage.
You hit the lemure. You barely miss the lemure. You completely miss the lemure.
The lemure hits you.
* * * LOW HITPOINT WARNING * * *
You block Pikel's attack. The lemure barely misses you.
The lemure hits you but does no damage.
You closely miss Pikel.
You closely miss the lemure. x2; You hit the lemure.
The lemure hits you!
* * * LOW HITPOINT WARNING * * *
You block Pikel's attack. The lemure hits you.
* * * LOW HITPOINT WARNING * * *
The lemure hits you but does no damage. x2
Pikel cracks his whip.
Pikel barely misses you. The lemure hits you.
* * * LOW HITPOINT WARNING * * *
The lemure hits you but does no damage. 😱 HP[-13]
You take 13 damage, and now have 2/47 hp.
MASSIVE DAMAGE!! (PAUSE)
You block the lemure's attack. The lemure hits you.
You die...

Skill      XL: |  1  2  3  4  5 |
---------------+----------------+-----
Axes           | 3 4 5 |  5.0
Shields        | 4 |  4.8
Armour         | 4 |  4.7
Fighting       | 4 |  4.8
Invocations    | |  0.1

Action                     |  1- 3 |  4- 6 || total
---------------------------+-------+-------++-------
  Melee: War axe           |    88 |    82 ||   170
         Headbutt          |     5 |    10 ||    15
 Armour: Scale mail        |    63 |    16 ||    79
         Chain mail        |       |    15 ||    15
  Dodge: Dodged            |    31 |    29 ||    60
  Block: Buckler           |    25 |    19 ||    44

Levels and vault maps discovered:
D:1:      minmay_arrival_stone_box, layout_rooms, serial_shops,
          nicolae_lakefront_shop
D:2:      layout_loops_ring, minmay_misc_feat_encased, uniq_crazy_yiuf_cottage,
          uniq_natasha
D:3:      layout_loops_corners, marbit_many_paths, lemuel_crystal_altar,
          vehumet_altar_wand_db, uniq_ijyb
D:4:      layout_basic, nzn_wu_jian_contemplation, minmay_misc_feat_square,
          minmay_small_thing, uniq_grinder, uniq_pikel

Notes
Turn   | Place    | Note
-------+----------+-------------------------------------------
     0 | D:1      | Sanktem7 the Minotaur Fighter began the quest for the Orb.
     0 | D:1      | Reached XP level 1. HP: 19/19 MP: 0/0
     0 | D:1      | magus.rc [v1.9.6]
    77 | D:1      | Reached XP level 2. HP: 25/27 MP: 1/1
   135 | D:1      | Reached skill level 3 in Axes
   325 | D:1      | Reached skill level 4 in Shields
   330 | D:1      | Reached XP level 3. HP: 22/33 MP: 2/2
   340 | D:1      | Reached skill level 4 in Armour
   442 | D:1      | Found Ninlin's Weapon Shop.
   639 | D:2      | Reached skill level 4 in Fighting
  1155 | D:2      | Reached XP level 4. HP: 40/40 MP: 3/3
  1439 | D:2      | You add the spells Gell's Gravitas, Teleport Other and
                  | Dispersal to your library.
  1440 | D:2      | Noticed Natasha
  1452 | D:2      | Killed Natasha
  1453 | D:2      | Reached skill level 4 in Axes
  1515 | D:2      | Noticed Natasha
  1520 | D:2      | Killed Natasha
  1574 | D:2      | Found a runed translucent door.
  1575 | D:2      | Noticed Crazy Yiuf
  1691 | D:2      | HP: 8/41 [Crazy Yiuf/+3 quarterstaff of chaos (10)]
  1693 | D:2      | HP: 2/39 [Crazy Yiuf/+3 quarterstaff of chaos (2)]
  1694 | D:2      | Killed Crazy Yiuf
  1695 | D:2      | Reached XP level 5. HP: 3/47 MP: 4/4
  1880 | D:2      | Noticed Natasha
  1891 | D:2      | Killed Natasha
  1985 | D:3      | Noticed Ijyb
  1999 | D:3      | Killed Ijyb
  2092 | D:3      | Found a radiant altar of Vehumet.
  2207 | D:3      | Found an iron altar of Okawaru.
  2218 | D:3      | Reached skill level 5 in Axes
  2220 | D:3      | Became a worshipper of Warmaster Okawaru
  2754 | D:3      | Found a glowing silver altar of Zin.
  3011 | D:4      | Noticed Pikel
  3011 | D:4      | Noticed a lemure
  3011 | D:4      | Noticed a lemure
  3011 | D:4      | Noticed a lemure
  3037 | D:4      | Noticed a lemure
  3044 | D:4      | HP: 7/47 [lemure[Pikel] (8)]
  3044 | D:4      | HP: 2/47 [lemure[Pikel] (4)]
  3045 | D:4      | Slain by a lemure

Vanquished Creatures
  Crazy Yiuf (D:2)
  Ijyb (D:3)
  Natasha (thrice) (D:2)
  5 adders
  A worm (D:3)
  2 dart slugs
  An orc (D:3)
  A ball python (D:1)
  4 endoplasms
  3 giant cockroaches
  6 goblins
  3 hobgoblins
  8 jackals
  12 kobolds
  2 quokkas
  6 bats
  4 frilled lizards
  7 rats
70 creatures vanquished.

Table legend:
 A = Non-vault XP
 B = Vault XP
 C = Vault XP percentage of total XP
 D = Non-vault monster count
 E = Vault monster count
 F = Vault count percentage of total count
                 A         B        C        D         E       F
            +---------+---------+-------+---------+---------+-------
      Total |     235 |     121 |  34.0 |      65 |       5 |   7.1
            +---------+---------+-------+---------+---------+-------
        D:1 |      47 |       0 |   0.0 |      29 |       0 |   0.0
        D:2 |     140 |      79 |  36.1 |      22 |       2 |   8.3
        D:3 |      31 |      42 |  57.5 |      11 |       3 |  21.4
        D:4 |      17 |       0 |   0.0 |       3 |       0 |   0.0
            +---------+---------+-------+---------+---------+-------

Illustrated notes

Table legend:
 A = Kills in this place as a percentage of kills in the entire game.
 B = Kills by you in this place as a percentage of kills by you in the entire game.
 C = Kills by friends in this place as a percentage of kills by friends in the entire game.
 D = Other kills in this place as a percentage of other kills in the entire game.
 E = Experience gained in this place as a percentage of experience gained in the entire game.
 F = Experience gained in this place divided by the number of levels of this place that you have seen.
                   A       B       C       D       E      F
               +-------+-------+-------+-------+-------+----------------------
         Total | 100.0 | 100.0 |   N/A |   N/A | 100.0 |  89.0
       Dungeon | 100.0 | 100.0 |   N/A |   N/A | 100.0 |  89.0
               +-------+-------+-------+-------+-------+----------------------

Table legend: (Time is in decaauts)
 A = Elapsed time spent in this place.
 B = Non-inter-level travel time spent in this place.
 C = Inter-level travel time spent in this place.
 D = Time resting spent in this place.
 E = Time spent auto-exploring this place.
 F = Levels seen in this place.
 G = Mean time per level.
                   A        B        C        D        E       F      G
               +--------+--------+--------+--------+--------+-----+--------+
         Total |   3107 |   2992 |    115 |      0 |   2505 |   4 |  776.8 |
       Dungeon |   3107 |   2992 |    115 |      0 |   2505 |   4 |  776.8 |
               +--------+--------+--------+--------+--------+-----+--------+

Top non-repeatable levels by time:
     D:2: 1302 daAuts
     D:3: 1036 daAuts
     D:1: 657 daAuts
     D:4: 110 daAuts
